 Dungeon Crawl Stone Soup version 0.29-a0-775-g4d7333d4e2 (webtiles) character file.

Game seed: 14436953567474043803

54 crusatyr the Slasher (level 3, 0/29 HPs)
             Began as a Demonspawn Berserker on July 1, 2022.
             Was a Believer of Trog.
             Succumbed to a goblin's poison
             ... on level 3 of the Dungeon.
             The game lasted 00:02:32 (2590 turns).

crusatyr the Slasher (Demonspawn Berserker)         Turns: 2590, Time: 00:02:33

Health: 0/29       AC:  2    Str: 19    XL:     3   Next: 66%
Magic:  3/3        EV: 12    Int:  8    God:    Trog [**....]
Gold:   78         SH:  0    Dex: 12    Spells: 2/2 levels left

rFire   . . .      SeeInvis .   a - +0 falchion
rCold   . . .      Faith    .   (no shield)
rNeg    . . .      Spirit   .   b - +0 animal skin
rPois   .          Reflect  .   (no helmet)
rElec   .          Harm     .   (no cloak)
rCorr   .          Rampage  .   (no gloves)
Will    ++...                   (no boots)
Stlth   +.........              (no amulet)
HPRegen 1.09/turn               (no ring)
MPRegen 0.08/turn               (no ring)

@: lethally poisoned (0 -> 0), strong-willed, on berserk cooldown, regenerating,
slowed, very slow
A: claws 1, powered by death 1
a: Renounce Religion, Berserk, Trog's Hand


You were on level 3 of the Dungeon.
You worshipped Trog.
Trog was pleased with you.
You visited 1 branch of the dungeon, and saw 3 of its levels.

You collected 78 gold pieces.

Inventory:

Hand Weapons
 a - a +0 falchion (weapon)
Armour
 b - a +0 animal skin (worn)
Scrolls
 c - a scroll of amnesia {unknown}
 d - a scroll of fear {unknown}
 f - a scroll of enchant weapon {unknown}
 g - a scroll of magic mapping {unknown}
 h - 2 scrolls of teleportation {unknown}
 i - 3 scrolls of identify {unknown}
 j - a scroll of poison {unknown}
Potions
 e - a potion of flight {unknown}
 k - 3 potions of magic {unknown}
 l - a potion of heal wounds {unknown}
 m - 2 potions of cancellation {unknown}


   Skills:
 - Level 3.0 Fighting
 + Level 4.2 Long Blades
 - Level 1.7 Armour
 - Level 1.7 Dodging


You had 2 spell levels left.
You didn't know any spells.
Your spell library was empty.

Dungeon Overview and Level Annotations

Branches:
Dungeon (3/15)

Altars:

Annotations:
D:3 Ijyb


Innate Abilities, Weirdness & Mutations

You have sharp fingernails.
You regenerate a little health from kills.


Message History

The goblin hits you with a +1 dagger of venom.
You are poisoned.
You closely miss the goblin.
You feel very sick.
The goblin hits you with a +1 dagger of venom.
You are lethally poisoned!
You completely miss the goblin.
You feel very sick. The goblin barely misses you.
You closely miss the goblin.
You feel very sick.
The goblin hits you with a +1 dagger of venom.
You are more poisoned.
A red film seems to cover your vision as you go berserk!
You feel yourself moving faster!
You feel mighty!
* * * LOW HITPOINT WARNING * * *
You feel very sick. The goblin closely misses you.
You hit the goblin.
You kill the goblin!
Trog accepts your kill.
You feel very sick.
You start resting.
You feel sick.
You feel a strong urge to attack something.
You feel sick.
You start resting.
You feel sick.
You feel your anger nearly subside.
You are no longer berserk.
You are exhausted.
You feel yourself slow down.
You feel sick.
You start resting.
* * * LOW HITPOINT WARNING * * *
You feel very sick.
You start resting.
* * * LOW HITPOINT WARNING * * *
You feel sick.
There is a lethal amount of poison in your body!
Okay, then.
Your skin crawls.
You feel strong-willed.
You die...

#.....# #..#.# #.....#
##.#.# #.....# ...# .
#.....# #..# ..
###..)..### )# ...
#.........## .# ..
#...†......# ###.#.##
#..........####.....$#
#...............@>...#
#.........#####......#
#.........# #......#
#.........# ########
#.........#
#.........#
#.........#
###########


There were no monsters in sight!

Vanquished Creatures
  A worm (D:2)
  A dart slug (D:1)
  An orc (D:3)
  4 ball pythons (D:1)
  2 endoplasms (D:1)
  4 giant cockroaches
  4 goblins
  3 hobgoblins (D:1)
  4 jackals (D:1)
  2 kobolds
  4 quokkas
  2 bats (D:1)
  3 frilled lizards
  9 rats
44 creatures vanquished.

Notes
Turn   | Place    | Note
-------+----------+-------------------------------------------
     0 | D:1      | crusatyr the Demonspawn Berserker began the quest for the
                  | Orb.
     0 | D:1      | Reached XP level 1. HP: 18/18 MP: 1/1
   213 | D:1      | Reached skill level 3 in Long Blades
   336 | D:1      | Gained mutation: You have sharp fingernails. [demonic
                  | ancestry]
   336 | D:1      | Reached XP level 2. HP: 5/24 MP: 2/2
   938 | D:1      | Reached ** piety under Trog
  1009 | D:1      | Found a faded altar of an unknown god.
  1111 | D:1      | Gained mutation: You regenerate a little health from kills.
                  | [demonic ancestry]
  1111 | D:1      | Reached XP level 3. HP: 23/29 MP: 3/3
  1861 | D:2      | Reached skill level 4 in Long Blades
  2324 | D:3      | Noticed Ijyb
  2589 | D:3      | HP: 1/29 [poisoned by a goblin]
  2590 | D:3      | Succumbed to a goblin's poison

Illustrated notes

Levels and vault maps discovered:
D:1:      dpeg_arrival_rhombi, layout_loops_ring, ebering_ecumenical_altar_ruins
D:2:      layout_rooms
D:3:      layout_basic, gammafunk_ghost_grave, uniq_ijyb

Skill      XL: |  1  2  3 |
---------------+----------+-----
Long Blades    | 3 4 |  4.2
Fighting       | |  3.0
Armour         | |  1.7
Dodging        | |  1.7

Action                   || total
-------------------------++-------
Melee: Falchion          ||   162
       Punch             ||     2
Invok: Berserk           ||     1
       Trog's Hand       ||     1
Armor: Animal skin       ||    22
Dodge: Dodged            ||   101

Table legend: (Time is in decaauts)
 A = Elapsed time spent in this place.
 B = Non-inter-level travel time spent in this place.
 C = Inter-level travel time spent in this place.
 D = Time resting spent in this place.
 E = Time spent auto-exploring this place.
 F = Levels seen in this place.
 G = Mean time per level.
                   A        B        C        D        E       F      G
               +--------+--------+--------+--------+--------+-----+--------+
         Total |   2607 |   2499 |    108 |    234 |   1861 |   3 |  869.0 |
       Dungeon |   2607 |   2499 |    108 |    234 |   1861 |   3 |  869.0 |
               +--------+--------+--------+--------+--------+-----+--------+

Top non-repeatable levels by time:
     D:1: 1826 daAuts
     D:2: 546 daAuts
     D:3: 235 daAuts
